 Dungeon Crawl Stone Soup version 0.14-a0-1876-g927fc3a (webtiles) character file.

21105 Jenx the Jinx (level 12, -5/67 HPs)
             Began as a Spriggan Enchanter on Jan 13, 2014.
             Was an Elder of Ashenzari.
             Slain by a 12-headed hydra (18 damage)
             ... on Level 6 of the Lair of Beasts on Jan 14, 2014.
             The game lasted 01:27:01 (22989 turns).

Jenx the Jinx (Spriggan Enchanter)                 Turns: 22989, Time: 01:27:01

HP  -5/67        AC  7     Str  6      XL: 12   Next: 47%
MP  26/33        EV 18     Int 22      God: Ashenzari [****..]
Gold 453         SH  0     Dex 18      Spells:  4 memorised, 15 levels left

rFire  . . .     SeeInvis +     v - +1,+0 cutlass (freeze) (curse)
rCold  . . .     Clarity  +     b - +2 robe (curse)
rNeg   . . .     Conserve .     (shield restricted)
rPois  .         rCorr    .     (helmet restricted)
rElec  .         rRot     .     A - +2 dwarf cloak
SustAb . .       Spirit   .     (gloves unavailable)
rMut   +         Warding  .     (boots unavailable)
Saprov . . .     Stasis   .     e - cursed amulet of resist mutation
MR     ++...                    n - cursed +4 ring of intelligence
                                E - cursed ring of flight

@: invisible, very slightly contaminated, very quick, very resistant to hostile
enchantments, extremely stealthy
A: unfitting armour, see invisible, herbivore 3, speed 3, slow metabolism 2
a: Scrying, Renounce Religion, Evoke Flight


You were on level 6 of the Lair of Beasts.
You worshipped Ashenzari.
Ashenzari was greatly pleased with you.
You were hungry.

You visited 3 branches of the dungeon, and saw 17 of its levels.
You also visited: Ossuary and Bailey.

You collected 838 gold pieces.
You spent 385 gold pieces at shops.

Inventory:

Hand weapons
 v - a cursed +1,+0 cutlass of freezing (weapon)
Armour
 b - a cursed +2 robe (worn)
 A - a +2 dwarven cloak (worn)
Magical devices
 i - a wand of disintegration (0)
 j - a wand of heal wounds (8)
 r - a wand of lightning (4)
 C - a wand of teleportation (0)
Comestibles
 c - 2 pears
 p - 5 bread rations
Scrolls
 a - a scroll of remove curse
 f - 2 scrolls of magic mapping
 h - 11 scrolls of teleportation
 t - 3 scrolls of recharging
 x - 2 scrolls of blinking
 y - a scroll of fog
Jewellery
 e - a cursed amulet of resist mutation (around neck)
 n - a cursed +4 ring of intelligence (right hand)
 E - a cursed ring of flight (left hand)
Potions
 g - 4 potions of heal wounds
 k - 3 potions of speed
 l - a potion of degeneration {unknown}
 m - 10 potions of curing
 o - a potion of resistance {unknown}
 q - a potion of magic
 w - a potion of restore abilities {unknown}
Books
 D - a book of Ice

   Spells                             Type                      Level
   Freezing Aura                      Charms/Ice                   2
   *Ensorcelled Hibernation           Hexes/Ice                    2
   Ozocubu's Refrigeration            Ice                          6
   Bolt of Cold                       Conjuration/Ice              6
   *Freezing Cloud                    Conjuration/Ice/Air          6
   Metabolic Englaciation             Hexes/Ice                    6
   Simulacrum                         Ice/Necromancy               6
Miscellaneous
 F - a phial of floods


   Skills:
 - Level 10.0 Fighting
 - Level 9.1(12.5) Short Blades
 - Level 1.1 Throwing
 - Level 3.0 Dodging
 - Level 10.0 Stealth
 - Level 10.6 Spellcasting
 - Level 10.6(13.8) Hexes
 + Level 5.9(9.4) Ice Magic
 - Level 1.1(3.1) Evocations


You had 15 spell levels left.
You knew the following spells:

 Your Spells              Type           Power        Failure   Level  Hunger
a - Ensorcelled Hibernat  Hex/Ice        ######       1%          2    None
b - Confuse               Hex            ######..     1%          3    None
c - Freezing Cloud        Conj/Ice/Air   ####......   99%         6    ######.
d - Invisibility          Hex            ######..     2%          6    ######.


Dungeon Overview and Level Annotations

Branches:
Dungeon (10/16)            Temple (1/1) D:5             Orc (0/4) D:9
   Lair (6/8) D:10          Swamp (0/5) Lair:6       Spider (0/5) Lair:5
  Slime: Lair:6-8

Altars:
Ashenzari
Cheibriados
Elyvilon
Fedhas
Kikubaaqudgha
Makhleb
Nemelex Xobeh
Okawaru
Sif Muna
Trog
Vehumet
Xom
Yredelemnul
Zin
the Shining One
Lugonu

Shops:
D:9 !

Annotations:
D:3 exclusions: orc wizard and 1 more exclusion, Meowch's ghost, average DrBe
D:4 1 exclusion
D:9 bread n scrolls here


Innate Abilities, Weirdness & Mutations

You are tiny and cannot use many weapons and most armour.
You have supernaturally acute eyesight.
You are a herbivore.
You cover ground extremely quickly.
You need consume almost no food.


Message History

The bat misses you.
You barely miss the bat. The bat hits you but does no damage.
You hit the bat but do no damage. The bat completely misses you.
You closely miss the bat. The bat completely misses you.
The jackal completely misses you.
Casting: Invisibility
Confirm with . or Enter, or press ? or * to list all spells.
Aiming: Ensorcelled Hibernation
Press: ? - help, Shift-Dir - straight line, f - 12-headed hydra
Aim: a 12-headed hydra (almost dead, moving slowly)
The 12-headed hydra resists.
The bat barely misses you. The jackal misses you.
The bat hits you but does no damage. The 12-headed hydra bites you.
The 12-headed hydra bites you.
The 12-headed hydra bites you but does no damage.
The 12-headed hydra misses you. The 12-headed hydra bites you!
* * * LOW HITPOINT WARNING * * *
The 12-headed hydra closely misses you. The 12-headed hydra misses you.
The 12-headed hydra misses you. The 12-headed hydra barely misses you.
The 12-headed hydra barely misses you. The 12-headed hydra bites you!
You die...

##P.......* * ##[.....
*........### #.......
*#.........* ##......
####........## #......
*##.#.......$..# #......
P.............# #####..#
#...........## ###.####..
##......Df...#f.#P#.......
#[......h@................
#.......hb.###.###f...####
#P.......######.###.######
#.........###....##.#...#.
####.#....................
###..P.....P#.##..P#.##
#.#f#################
#####


You could see a 12-headed hydra, 2 jackals and a bat.

Vanquished Creatures
  2 hydras
  Joseph (D:9)
  A griffon (Lair:1)
  An oklob plant (Lair:5)
  A cyclops (D:7)
  A black mamba (Lair:6)
  2 feature mimics
  An item mimic (Lair:3)
  3 komodo dragons
  5 spiny frogs
  A two-headed ogre (D:9)
  A fire drake (Lair:5)
  4 blink frogs (Lair:5)
  A basilisk (Lair:4)
  A tarantella (Lair:5)
  19 yaks
  A merfolk (D:7)
  2 deep elf magi
  6 hippogriffs
  An elephant slug (Lair:5)
  5 humans (D:9)
  4 wolves (Lair:3)
  2 sharks (Lair:6)
  Edmund (D:7)
  6 porcupines
  A sky beast (D:5)
  4 ogres
  4 orc warriors
  2 ice beasts
  9 crocodiles
  5 giant slugs
  10 water moccasins
  8 agate snails
  16 giant frogs
  2 wights (D:4)
  2 goliath beetles
  3 big fish (D:7)
  4 crimson imps
  2 giant frog skeletons
  8 iguanas
  3 orc priests
  7 hounds
  3 scorpions
  9 orc wizards
  3 human skeletons (D:4)
  9 worker ants
  17 sheep
  An ogre zombie (D:9)
  13 mummies (Ossuary)
  18 adders
  4 giant centipedes
  3 gnolls (D:6)
  40 green rats
  A giant mite (Lair:3)
  3 worms
  An adder zombie (D:6)
  An adder skeleton (D:6)
  A giant eyeball (D:5)
  3 giant geckos
  38 orcs
  13 bats
  3 giant cockroaches
  10 goblins
  11 hobgoblins
  22 jackals
  10 quokkas
  2 giant gecko zombies
  6 giant newts
  A gnoll skeleton (Ossuary)
  2 goblin skeletons (Ossuary)
  A hobgoblin zombie (D:7)
  21 kobolds
  3 kobold skeletons
  4 orc skeletons
  An orc zombie (D:4)
  26 rats
  11 rat skeletons (Ossuary)
  A plant (D:10)
479 creatures vanquished.

Vanquished Creatures (others)
  A goblin skeleton (Ossuary)
  A fungus (Lair:6)
2 creatures vanquished.

Grand Total: 481 creatures vanquished

Notes
Turn   | Place    | Note
--------------------------------------------------------------
     0 | D:1      | Jenx, the Spriggan Enchanter, began the quest for the Orb.
     0 | D:1      | Reached XP level 1. HP: 9/9 MP: 4/4
   208 | D:1      | Reached skill level 4 in Hexes
   831 | D:1      | Reached XP level 2. HP: 13/13 MP: 7/7
   893 | D:1      | Learned a level 2 spell: Ensorcelled Hibernation
  1628 | D:1      | Reached skill level 1 in Ice Magic
  1764 | D:2      | Reached XP level 3. HP: 11/16 MP: 5/9
  2181 | D:2      | Reached skill level 5 in Hexes
  2335 | D:2      | Learned a level 3 spell: Confuse
  2805 | D:2      | Found a sparkling altar of Nemelex Xobeh.
  2811 | D:2      | Reached XP level 4. HP: 17/21 MP: 9/12
  2878 | D:3      | Found a sparkling altar of Nemelex Xobeh.
  2878 | D:3      | Found a basalt altar of Yredelemnul.
  3127 | D:3      | Noticed Meowch's ghost (average DrBe)
  3285 | D:4      | Reached skill level 6 in Hexes
  3435 | D:4      | Found a sand-covered staircase.
  3454 | D:4      | Reached XP level 5. HP: 20/24 MP: 9/14
  3461 | Ossuary  | Entered an ossuary
  3785 | Ossuary  | HP: 1/24 [mummy (13)]
  4748 | Ossuary  | Reached XP level 6. HP: 19/28 MP: 10/18
  5651 | D:4      | Noticed an ogre
  5659 | D:4      | Killed an ogre
  5659 | D:4      | Reached skill level 5 in Short Blades
  5659 | D:4      | Reached XP level 7. HP: 32/32 MP: 15/20
  5735 | D:4      | Found a bloodstained altar of Trog.
  5735 | D:4      | Found a deep blue altar of Sif Muna.
  5736 | D:4      | Found a burning altar of Makhleb.
  5858 | D:4      | Reached skill level 7 in Hexes
  6902 | D:5      | Entered Level 5 of the Dungeon
  7078 | D:5      | Reached skill level 5 in Spellcasting
  7247 | D:5      | Found a staircase to the Ecumenical Temple.
  7252 | Temple   | Entered the Ecumenical Temple
  7356 | D:5      | Reached skill level 5 in Stealth
  7755 | D:5      | Reached XP level 8. HP: 36/36 MP: 22/24
  7936 | D:5      | Reached skill level 8 in Hexes
  8561 | D:6      | Reached skill level 9 in Hexes
  9173 | D:6      | Reached skill level 10 in Hexes
  9980 | D:6      | Learned a level 6 spell: Invisibility
 10040 | D:7      | Found a radiant altar of Vehumet.
 10496 | D:7      | Reached XP level 9. HP: 24/39 MP: 9/26
 10761 | D:7      | Found a shattered altar of Ashenzari.
 10804 | D:7      | Became a worshipper of Ashenzari the Shackled
 10805 | D:7      | Noticed a cyclops
 10915 | D:7      | Killed a cyclops
 11231 | D:7      | Noticed Edmund
 11245 | D:7      | Killed Edmund
 12107 | D:8      | Found a blossoming altar of Fedhas.
 12108 | D:8      | Found an ancient bone altar of Kikubaaqudgha.
 12288 | D:8      | Found a flagged portal.
 12309 | Bailey   | Entered a bailey
 12366 | Bailey   | Reached skill level 1 in Fighting
 12893 | D:9      | Found a staircase to the Orcish Mines.
 13117 | D:9      | Reached XP level 10. HP: 24/49 MP: 17/29
 13490 | D:9      | Found Exunavia's Distillery.
 13501 | D:9      | Bought a potion of cure mutation for 385 gold pieces
 13567 | D:9      | Noticed Joseph
 13671 | D:9      | Killed Joseph
 13677 | D:9      | Reached skill level 5 in Fighting
 14223 | D:9      | Upgraded the game from 0.14-a0-1863-gcc20582 to 0.14-a0-1876-g927fc3a
 14242 | D:10     | Entered Level 10 of the Dungeon
 14274 | D:10     | Acquired Ashenzari's first power
 14275 | D:10     | Found a staircase to the Lair.
 14377 | Lair:1   | Entered Level 1 of the Lair of Beasts
 15359 | Lair:1   | Noticed a griffon
 15371 | Lair:1   | Killed a griffon
 15623 | Lair:1   | Reached XP level 11. HP: 28/60 MP: 3/30
 16968 | Lair:2   | Reached skill level 10 in Fighting
 17042 | Lair:2   | Reached skill level 1 in Evocations
 18378 | Lair:3   | Acquired Ashenzari's second power
 19044 | Lair:4   | Noticed an eight-headed hydra
 19055 | Lair:4   | Killed an eight-headed hydra
 19055 | Lair:4   | Reached skill level 10 in Spellcasting
 19620 | Lair:4   | Found a hole to the Spider Nest.
 19624 | Lair:4   | the hole to the Spider Nest was a mimic.
 19741 | Lair:5   | Reached XP level 12. HP: 67/67 MP: 26/33
 19780 | Lair:5   | Found a blossoming altar of Fedhas.
 20046 | Lair:4   | Reached skill level 10 in Stealth
 20451 | Lair:5   | Identified the cursed -1,+3 mace of Trog's Anger {drain, rN+ Curse}
 20505 | Lair:5   | Acquired Ashenzari's third power
 20714 | Lair:5   | Found a hole to the Spider Nest.
 21033 | Lair:5   | Noticed a six-headed hydra
 21050 | Lair:5   | Killed a six-headed hydra
 21335 | Lair:6   | Identified the cursed +1,+3 bow "Zeasi" {frost, Int+1}
 21827 | Lair:6   | Reached skill level 5 in Ice Magic
 21838 | Lair:6   | Found a staircase to the Shoals.
 21839 | Lair:6   | the staircase to the Shoals was a mimic.
 22065 | Lair:1   | Learned a level 6 spell: Freezing Cloud
 22745 | Lair:6   | Found a staircase to the Swamp.
 22972 | Lair:6   | Noticed an eight-headed hydra
 22989 | Lair:6   | Slain by a 12-headed hydra

Action                   |  1- 3 |  4- 6 |  7- 9 | 10-12 || total
-------------------------+-------+-------+-------+-------++-------
Melee: Dagger            |    87 |   222 |   438 |   875 ||  1622
       Cutlass           |       |       |       |   104 ||   104
Throw: Dart              |    40 |    17 |     3 |       ||    60
 Cast: Corona            |     4 |       |       |       ||     4
       Ensorcelled Hiber |    21 |     7 |   161 |   181 ||   370
       Confuse           |       |    52 |    76 |    30 ||   158
       Invisibility      |       |       |     4 |    11 ||    15
 Abil: Evoke Flight      |       |       |     2 |       ||     2
Evoke: Wand              |       |       |     1 |    19 ||    20
  Use: Scroll            |     5 |     2 |    18 |    13 ||    38
       Potion            |       |     1 |    10 |     3 ||    14
 Stab: Sleeping          |    20 |    18 |    85 |   162 ||   285
       Distracted        |     1 |       |     1 |     2 ||     4
       Confused          |       |    23 |    24 |     3 ||    50
       Invisible         |       |       |    10 |    45 ||    55
